 Dungeon Crawl Stone Soup version 0.32-a0-120-gfac0567ad4 (webtiles) character file.

Game seed: 16792845528237901477

26704 zenocrate the Swashbuckler (level 13, -1/78 HPs)
             Began as a Kobold Delver on Feb 6, 2024.
             Was an Initiate of Gozag.
             Slain by a polar bear (5 damage)
             ... on level 3 of the Lair of Beasts.
             The game lasted 00:18:14 (15342 turns).

zenocrate the Swashbuckler (Kobold Delver)         Turns: 15342, Time: 00:18:15

Health: -1/78      AC: -6    Str: 11    XL:     13   Next: 60%
Magic:  13/13      EV: 22    Int: 11    God:    Gozag
Gold:   1074       SH:  0    Dex: 26    Spells: 3/12 levels left

rFire   . . .        a - +2 dagger (drain)
rCold   + + .        (no shield)
rNeg    + . .        v - +1 ring mail {rC+}
rPois   +            D - +2 hat
rElec   .            i - scarf {shadows}
rCorr   .            (no gloves)
SInv    .            (no boots)
Will    +....        k - amulet of regeneration
Stlth   ++++++++     h - ring of Qoteycu {rPois rC+ rN+ Dex+6 Stlth+}
HPRegen 1.13/turn    e - ring of willpower
MPRegen 0.13/turn

%: no passive effects
@: corroded
A: small, no large weapons, nightstalker 3
a: Renounce Religion, Potion Petition, Call Merchant, Bribe Branch


You were on level 3 of the Lair of Beasts.
You worshipped Gozag.
Gozag was most pleased with you.
You visited 3 branches of the dungeon, and saw 15 of its levels.

You collected 3406 gold pieces.
You spent 970 gold pieces at shops.
You paid 1362 gold pieces to Gozag.

Inventory:

Hand Weapons
 a - a +2 dagger of draining (weapon)
 b - a +1 heavy short sword
Missiles
 x - 4 atropa-tipped darts
 y - 39 poisoned darts (quivered)
 z - 14 boomerangs
 C - 4 throwing nets
 K - a curare-tipped dart
Armour
 i - a scarf of shadows (worn)
 m - a +0 buckler
 v - a +1 ring mail of cold resistance (worn)
 D - a +2 hat (worn)
Jewellery
 e - a ring of willpower (right hand)
 h - the ring of Qoteycu (left hand) {rPois rC+ rN+ Dex+6 Stlth+}
   (You bought it in a shop on level 1 of the Lair of Beasts)

   [ring of dexterity]

   Dex+6:     It affects your dexterity (+6).
   rC+:       It protects you from cold.
   rPois:     It protects you from poison rN+: It protects you from negative
   energy.
   Stlth+:    It makes you more stealthy.
 k - an amulet of regeneration (around neck)
 n - a ring of see invisible
Wands
 g - a wand of digging (2)
 t - a wand of light (1)
 G - a wand of flame (1)
Scrolls
 c - 2 scrolls of fog
 d - a scroll of revelation
 j - 3 scrolls of blinking
 o - a scroll of identify
 r - a scroll of vulnerability {unknown}
Potions
 f - 2 potions of haste
 l - 2 potions of might
 p - 3 potions of resistance
 q - a potion of heal wounds
 u - a potion of curing
 w - 3 potions of attraction
 I - 4 potions of brilliance


   Skills:
 * Level 8.2 Fighting
 + Level 15.4 Short Blades
 - Level 2.5 Throwing
 + Level 4.9 Armour
 + Level 11.5 Dodging
 + Level 15.2 Stealth
 + Level 1.8 Shields
 + Level 5.3 Hexes
 - Level 3.1 Ice Magic
 + Level 6.6 Evocations


You had 3 spell levels left.
You knew the following spells:

 Your Spells              Type           Power      Damage    Failure   Level
a - Ensorcelled Hibernat  Hex/Ice        18%        N/A       21%         2
b - Fugue of the Fallen   Necr           0%         N/A       93%         3
c - Dazzling Flash        Conj/Hex       10%        N/A       61%         3
m - Apportation           Tloc           0%         N/A       61%         1

Your spell library contained the following spells:

 Spells                   Type           Power      Damage    Failure   Level
 Jinxbite                 Hex            22%        N/A       13%         2
 Freeze                   Ice            24%        1d4       22%         1
 Frozen Ramparts          Ice            12%        1d2       54%         3
 Ozocubu's Armour         Ice            6%         N/A       54%         3
 Foxfire                  Conj/Fire      0%         2x1d4     61%         1
 Hailstorm                Conj/Ice       3%         3d5       77%         3
 Mephitic Cloud           Conj/Alch/Air  0%         N/A       93%         3
 Passwall                 Erth           0%         N/A       93%         3
 Swiftness                Air            0%         N/A       93%         3
 Anguish                  Hex/Necr       2%         N/A       95%         4
 Dispel Undead            Necr           0%         3d6       100%        4
 Ignite Poison            Fire/Alch      0%         N/A       100%        4
 Manifold Assault         Tloc           0%         N/A       100%        4
 Sticky Flame             Fire/Alch      0%         2d4       100%        4
 Alistair's Intoxication  Alch           0%         N/A       100%        5
 Borgnjor's Vile Clutch   Necr/Erth      0%         N/A       100%        5
 Curse of Agony           Necr           0%         N/A       100%        5
 Silence                  Hex/Air        2%         N/A       100%        5
 Plasma Beam              Fire/Air       0%         2x1d10    100%        6
 Starburst                Conj/Fire      0%         6d3       100%        6
 Ignition                 Fire           0%         3d3       100%        8


Dungeon Overview and Level Annotations

Branches:
Dungeon (11/15)            Temple (1/1) D:5            Lair (3/5) D:11
    Orc (0/2) D:11
  Swamp: Lair:2-3    Shoals: Lair:2-3     Snake: Lair:2-3    Spider: Lair:2-3

Altars:
Ashenzari
Cheibriados
Dithmenos
Elyvilon
Fedhas
Gozag
Hepliaklqana
Kikubaaqudgha
Makhleb
Nemelex Xobeh
Okawaru
Qazlal
Ru
Sif Muna
Trog
Uskayaw
Vehumet
Wu Jian
Xom
Yredelemnul
Zin
The Shining One
Jiyva

Shops:
D:4 (   D:6 *   D:7 *   Lair:1 =

Annotations:
D:3 2 transporters
Lair:1 1 runed translucent door, ranchalot's ghost, journeyman BaHs
Lair:3 exclusion: oklob plant


Innate Abilities, Weirdness & Mutations

You are small and have problems with some larger weapons.
You are completely attuned to the shadows.


Message History

Unknown command.
Aiming: Throw Flame
Press: ? - help, Shift-Dir - straight line, f/p - oklob plant
Aim: an oklob plant (almost destroyed, lightly drained, 100% to hit)
The puff of flame hits the oklob plant.
The oklob plant is almost destroyed.
The polar bear is no longer distracted by gold.
The oklob plant spits acid at you. The splash of acid hits you!!
* * * LOW HITPOINT WARNING * * *
The acid corrodes you! The polar bear misses you.
The polar bear closely misses you. The polar bear claws you.
* * * LOW HITPOINT WARNING * * *
Unknown command.
Blink to where?
Press: ? - help, Dir - move target, p - oklob plant You can't see that place. [the floor.]
Okay, then. [a] - 348 gold - brilliance and magic [b] - 624 gold - invisibility, might, brilliance and magic [c] - 416 gold - heal wounds, curing and magic Purchase which effect?
You feel much better.
You feel better. Magic courses through your body.
The polar bear completely misses you. The polar bear barely misses you.
The polar bear closely misses you.
Aiming: Throw Flame
Press: ? - help, Shift-Dir - straight line, f/p - oklob plant
Aim: an oklob plant (almost destroyed, lightly drained, 100% to hit)
The puff of flame hits the oklob plant but does no damage.
The oklob plant is almost destroyed.
The oklob plant spits acid at you. The splash of acid hits you!!
* * * LOW HITPOINT WARNING * * *
The acid corrodes you! The polar bear barely misses you.
The polar bear claws you.
* * * LOW HITPOINT WARNING * * *
The polar bear claws you.
You die...
Your body crumbles into a pile of gold.

#.........##
#...........
###...........
##....(........
##..............
##......P(.........
##......(PP.....^..
#.P.....((........
#..@......(....
P..h...........
.....$.....##P.
...........# #.
..........#
.........## .....#
.....### .......##


You could see an oklob plant (drained) and a polar bear.

Vanquished Creatures
  Erolcha (D:9)
  Harold (D:9)
  2 hydras
  Erica (D:11)
  2 two-headed ogres
  Lodul (D:11)
  A lindwurm (Lair:3)
  Pikel (D:7)
  A cyclops (D:11)
  2 ugly things
  3 elephants (D:11)
  5 cane toads
  Jeremiah (D:9)
  2 rime drakes
  6 komodo dragons
  2 trolls
  A hornet (D:9)
  2 polar bears (Lair:2)
  10 blink frogs
  3 wraiths
  3 wyverns
  33 yaks
  A steam dragon (D:6)
  An acid dragon (D:10)
  Duvessa (D:7)
  7 orc warriors
  5 water moccasins
  A sky beast (D:8)
  2 ice beasts (D:7)
  3 black bears
  8 ogres
  A lemure (D:7)
  A phantom (D:6)
  5 kobold brigands
  13 bullfrogs
  6 scorpions
  8 wights
  Dowan (D:7)
  12 killer bees
  10 howler monkeys
  A hound (D:5)
  4 bombardier beetles
  A jelly (D:7)
  11 orc priests
  3 iguanas (D:5)
  2 sleepcaps
  8 orc wizards
  7 adders
  3 shadow imps
  2 white imps
  4 ufetubi
  2 dart slugs
  4 ribbon worms (D:2)
  40 orcs
  6 ball pythons
  3 bats
  11 endoplasms
  4 giant cockroaches
  4 goblins
  9 hobgoblins
  5 jackals
  27 kobolds
  4 quokkas
  2 frilled lizards (D:2)
  6 rats
343 creatures vanquished.

Notes
Turn   | Place    | Note
-------+----------+-------------------------------------------
     0 | D:5      | zenocrate the Kobold Delver began the quest for the Orb.
     0 | D:5      | Reached XP level 1. HP: 14/14 MP: 1/1
    56 | D:5      | Noticed a bombardier beetle
    60 | D:5      | Killed a bombardier beetle
    61 | D:5      | Reached XP level 2. HP: 19/19 MP: 2/2
    61 | D:5      | Reached XP level 3. HP: 23/23 MP: 3/3
   131 | D:5      | Noticed a black bear
   138 | D:5      | Killed a black bear
   139 | D:5      | Reached XP level 4. HP: 19/28 MP: 4/4
   139 | D:5      | Reached XP level 5. HP: 22/32 MP: 5/5
  1668 | D:2      | Reached skill level 5 in Short Blades
  1668 | D:2      | Reached XP level 6. HP: 37/37 MP: 6/6
  1828 | D:2      | Found an opulent altar of Gozag.
  2059 | D:2      | Became a worshipper of Gozag Ym Sagoz the Greedy
  2379 | D:2      | Learned a level 1 spell: Apportation
  2689 | D:3      | Got the Guidebook on Lamentation and the Chill
  2692 | D:3      | Found a transporter.
  2695 | D:3      | Found a transporter.
  3350 | D:3      | Noticed a small abomination
  3881 | D:4      | Found Goefrer's Antique Weapon Shoppe.
  3963 | D:4      | Reached XP level 7. HP: 41/41 MP: 7/7
  4056 | D:4      | Found a shadowy altar of Dithmenos.
  4056 | D:4      | Found a hazy altar of Hepliaklqana.
  4056 | D:4      | Noticed a shadow
  4258 | D:5      | Reached skill level 5 in Dodging
  4504 | D:5      | Found a staircase to the Ecumenical Temple.
  4595 | Temple   | Entered the Ecumenical Temple
  4686 | D:5      | Found a sacrificial altar of Ru.
  5265 | D:5      | Found a hide-covered altar of Uskayaw.
  5306 | D:6      | Reached XP level 8. HP: 46/46 MP: 8/8
  5824 | D:6      | Found Zin's Purification Station.
  5827 | D:6      | Found a glowing silver altar of Zin.
  5882 | D:6      | Found a sparkling altar of Nemelex Xobeh.
  6015 | D:6      | Reached skill level 10 in Stealth
  6036 | D:6      | Reached XP level 9. HP: 10/51 MP: 9/9
  6170 | D:6      | Found a stormy altar of Qazlal.
  6176 | D:6      | Identified the amulet "Puathrenn" {Faith Stlth+}
  6301 | D:6      | Found a white marble altar of Elyvilon.
  6429 | D:7      | Reached skill level 10 in Short Blades
  6511 | D:7      | Found a broken altar of Ashenzari.
  6662 | D:7      | Noticed Pikel
  6728 | D:7      | Killed Pikel
  6840 | D:7      | Learned a level 2 spell: Ensorcelled Hibernation
  6875 | D:7      | Reached XP level 10. HP: 55/56 MP: 10/10
  6936 | D:7      | Noticed Duvessa
  6940 | D:7      | Noticed Dowan
  6942 | D:7      | Killed Duvessa
  6992 | D:7      | Killed Dowan
  7088 | D:7      | Found Hait's General Store.
  7093 | D:7      | Bought a scroll of enchant weapon for 97 gold pieces
  7093 | D:7      | Bought a potion of might for 52 gold pieces
  7093 | D:7      | Bought a scroll of identify for 26 gold pieces
  8463 | D:8      | Found a glowing golden altar of the Shining One.
  8812 | D:8      | Learned a level 3 spell: Fugue of the Fallen
  8821 | D:9      | Noticed Jeremiah
  8823 | D:9      | Killed Jeremiah
  8832 | D:9      | Found a basalt altar of Yredelemnul.
  8854 | D:9      | Reached skill level 1 in Evocations
  8911 | D:9      | Reached skill level 1 in Throwing
  9057 | D:9      | Reached skill level 1 in Ice Magic
  9061 | D:9      | Reached XP level 11. HP: 60/60 MP: 11/11
  9125 | D:9      | Reached skill level 1 in Hexes
  9165 | D:9      | Noticed Harold
  9171 | D:9      | Noticed Erolcha
  9190 | D:9      | Reached skill level 1 in Armour
  9201 | D:9      | Killed Erolcha
  9204 | D:9      | Noticed a two-headed ogre
  9213 | D:9      | Killed Harold
  9218 | D:9      | Killed a two-headed ogre
  9219 | D:9      | Reached skill level 10 in Dodging
  9729 | D:10     | Entered Level 10 of the Dungeon
  9734 | D:10     | Noticed a two-headed ogre
  9737 | D:10     | Killed a two-headed ogre
  9981 | D:10     | Noticed a red ugly thing
  9981 | D:10     | Noticed a five-headed hydra
 10077 | D:10     | Killed a five-headed hydra
 10078 | D:10     | Reached skill level 5 in Fighting
 10316 | D:10     | Killed a red ugly thing
 10317 | D:10     | Reached XP level 12. HP: 68/68 MP: 12/12
 10591 | D:10     | Found a snail-covered altar of Cheibriados.
 10631 | D:10     | Found an ancient bone altar of Kikubaaqudgha.
 10636 | D:10     | Learned a level 3 spell: Dazzling Flash
 10777 | D:11     | Noticed Lodul
 10782 | D:11     | Killed Lodul
 11146 | D:11     | Noticed Erica
 11148 | D:11     | Killed Erica
 11269 | D:11     | Found a staircase to the Orcish Mines.
 11392 | D:11     | Reached skill level 5 in Evocations
 11517 | D:11     | Found a staircase to the Lair.
 11869 | Lair:1   | Entered Level 1 of the Lair of Beasts
 12254 | Lair:1   | Reached skill level 15 in Short Blades
 12438 | Lair:1   | Bought the ring of Qoteycu {rPois rC+ rN+ Dex+6 Stlth+} for
                  | 795 gold pieces
 12445 | Lair:1   | Found a runed translucent door.
 12445 | Lair:1   | Found a shimmering altar of Xom.
 12445 | Lair:1   | Noticed ranchalot's ghost (journeyman BaHs)
 12446 | Lair:1   | Noticed a +0 hand axe of chaos
 12448 | Lair:1   | Reached XP level 13. HP: 76/76 MP: 13/13
 12646 | Lair:1   | Found a shimmering altar of Xom.
 13777 | Lair:2   | Reached skill level 5 in Hexes
 13786 | Lair:2   | Reached skill level 1 in Shields
 13805 | Lair:2   | Noticed a five-headed hydra
 13808 | Lair:2   | Killed a five-headed hydra
 13809 | Lair:2   | Reached skill level 15 in Stealth
 15340 | Lair:3   | HP: 2/78 [polar bear (5)]
 15342 | Lair:3   | Slain by a polar bear

Illustrated notes

Levels and vault maps discovered:
D:1:      eino_arrival_tree_alley, layout_basic
D:2:      layout_basic, basic_altar, dreamdust_wishing_well, minmay_pentomino_u4
D:3:      layout_basic, gammafunk_ghost_abyssal_escape, serial_glass,
          glass_columns_b, glass_columns_c, grunt_decor_junction,
          minmay_misc_feat_room, kennysheep_cluttered_room
D:4:      layout_loops_ring, riverfiend_overflow_shadow_ancestor, serial_shops,
          shop
D:5:      layout_layer_cave, lemuel_tele_altar, mainiacjoe_overflow_catwalk,
          minmay_temple_entry_junction_2, minmay_misc_feat_tower
D:6:      layout_basic, zin_purify, mainiacjoe_overflow_24_doors,
          mainiacjoe_overflow_catwalk_spiral
D:7:      layout_basic, cheibrodos_ashenzari_chains, serial_shops, shop,
          uniq_duvessa, uniq_pikel
D:8:      layout_loops_corners, nicolae_tso_swordbearing_angel,
          skrybe_limestone_x
D:9:      layout_rooms, yredelemnul_altar_generic, corexii_hall_statues_u,
          uniq_jeremiah, uniq_erolcha, uniq_harold
D:10:     layout_big_octagon, lemuel_crystal_altar,
          mainiacjoe_overflow_boulevard, grunt_tough_drop
D:11:     layout_rooms, grunt_lair_entry_orc_guard_hut, uniq_erica, uniq_lodul
Temple:   pf_slimified_temple
Lair:1:   layout_hall_layers, ebering_ghost_xom, basic_altar, minivault_11
Lair:2:   layout_regular_city, grunt_megastairs_4
Lair:3:   layout_cave_pods, skrybe_swamp_entry_bodies,
          nicolae_snake_entry_warm_welcome, forest_entry_grove,
          lemuel_fruit_tree

Skill      XL: |  1  2  3  4  5  6  7  8  9 10 11 12 13 |
---------------+----------------------------------------+-----
Short Blades   | 3 4 5 6 7 9 11 13 14 15 | 15.4
Dodging        | 3 4 5 6 8 9 10 11 | 11.5
Stealth        | 7 8 9 10 11 12 13 14 15 | 15.2
Evocations     | 1 4 5 6 |  6.6
Throwing       | 1 2 |  2.5
Ice Magic      | 1 3 |  3.1
Hexes          | 3 4 5 |  5.3
Armour         | 3 4 |  4.9
Fighting       | 5 7 8 |  8.2
Shields        | 1 |  1.8

Action                     |  1- 3 |  4- 6 |  7- 9 | 10-12 | 13-15 || total
---------------------------+-------+-------+-------+-------+-------++-------
  Melee: Short sword       |     5 |   234 |   281 |   470 |       ||   990
         Punch             |       |     8 |    18 |    73 |    23 ||   122
         Dagger            |       |       |       |   365 |   197 ||   562
  Throw: Dart              |       |       |     1 |     1 |       ||     2
   Cast: Ensorcelled Hiber |       |       |       |    35 |    15 ||    50
         Fugue of the Fall |       |       |       |     1 |       ||     1
 Invoke: Potion Petition   |       |       |       |     1 |     1 ||     2
         Call Merchant     |       |       |       |     1 |       ||     1
  Evoke: Wand              |       |     1 |     4 |     7 |     5 ||    17
    Use: Scroll            |       |     5 |     5 |    12 |       ||    22
         Potion            |       |       |       |     4 |       ||     4
   Stab: Sleeping          |     2 |    36 |    20 |    48 |    24 ||   130
         Distracted        |       |     1 |     2 |    10 |     4 ||    17
         Invisible         |       |       |     1 |    11 |       ||    12
 Armour: Leather armour    |     4 |    40 |    68 |    17 |       ||   129
         Robe              |       |       |       |   113 |       ||   113
         Skin              |       |       |       |    48 |       ||    48
         Ring mail         |       |       |       |    34 |    52 ||    86
  Dodge: Dodged            |     5 |   117 |   184 |   485 |   142 ||   933

Table legend: (Time is in decaauts)
 A = Elapsed time spent in this place.
 B = Non-inter-level travel time spent in this place.
 C = Inter-level travel time spent in this place.
 D = Time resting spent in this place.
 E = Time spent auto-exploring this place.
 F = Levels seen in this place.
 G = Mean time per level.
                   A        B        C        D        E       F      G
               +--------+--------+--------+--------+--------+-----+--------+
         Total |  14667 |  13954 |    713 |     49 |  11639 |  15 |  977.8 |
       Dungeon |  11491 |  10903 |    588 |     49 |   9049 |  11 | 1044.6 |
        Temple |      2 |      2 |      0 |      0 |      0 |   1 |    2.0 |
          Lair |   3172 |   3048 |    124 |      0 |   2590 |   3 | 1057.3 |
               +--------+--------+--------+--------+--------+-----+--------+

Top non-repeatable levels by time:
  Lair:1: 1588 daAuts
  Lair:2: 1450 daAuts
     D:5: 1264 daAuts
     D:2: 1233 daAuts
     D:7: 1145 daAuts
    D:11: 1120 daAuts
     D:8: 1117 daAuts
     D:6: 1063 daAuts
    D:10: 1014 daAuts
     D:3: 985 daAuts
     D:1: 906 daAuts
     D:9: 838 daAuts
     D:4: 803 daAuts
  Lair:3: 134 daAuts
  Temple: 2 daAuts
